 Dungeon Crawl Stone Soup version 0.28-a0-94-g325244837d (webtiles) character file.

Game seed: 16626205392886855949

868 tatocazan the Skirmisher (level 7, -3/64 HPs)
             Began as a Minotaur Fighter on Aug 7, 2021.
             Was an Initiate of Gozag.
             Slain by an ogre (19 damage)
             ... on level 4 of the Dungeon.
             The game lasted 00:04:45 (3592 turns).

tatocazan the Skirmisher (Minotaur Fighter)         Turns: 3592, Time: 00:04:46

Health: -3/64      AC:  8    Str: 22    XL:     7   Next: 73%
Magic:  6/6        EV:  8    Int:  5    God:    Gozag
Gold:   421        SH: 10    Dex: 10    Spells: 6/6 levels left

rFire   . . .      SeeInvis .   a - +0 war axe
rCold   . . .      Faith    .   c - +0 kite shield
rNeg    . . .      Spirit   .   b - +0 scale mail
rPois   +          Reflect  .   (helmet restricted)
rElec   .          Harm     .   m - +0 cloak
rCorr   .          Rampage  .   (no gloves)
Will    .....                   (no boots)
Stlth   ..........              j - amulet of the acrobat
HPRegen 0.20/turn               r - ring of poison resistance
MPRegen 0.10/turn               (no ring)

@: no status effects
A: horns 2, retaliatory headbutt
a: Renounce Religion, Potion Petition, Call Merchant, Bribe Branch


You were on level 4 of the Dungeon.
You worshipped Gozag.
Gozag was aware of your devotion.
You visited 1 branch of the dungeon, and saw 4 of its levels.

You collected 531 gold pieces.
You paid 110 gold pieces to Gozag.

Inventory:

Hand Weapons
 a - a +0 war axe (weapon)
Armour
 b - a +0 scale mail (worn)
 c - a +0 kite shield (worn)
 m - a +0 cloak (worn)
Jewellery
 j - an amulet of the acrobat (around neck)
 k - an amulet of magic regeneration
 r - a ring of poison resistance (left hand)
Wands
 q - a wand of iceblast (8)
 s - a wand of flame (11)
Scrolls
 e - 4 scrolls of identify {unknown}
 f - a scroll of magic mapping {unknown}
 g - a scroll of enchant armour {unknown}
 i - a scroll of holy word {unknown}
 l - 2 scrolls of vulnerability {unknown}
 p - a scroll of fog {unknown}
Potions
 d - 2 potions of might
 h - a potion of invisibility {unknown}
 n - a potion of heal wounds {unknown}
 o - a potion of curing {unknown}


   Skills:
 + Level 6.4 Fighting
 + Level 5.7 Axes
 + Level 6.3 Armour
 + Level 6.4 Shields


You had 6 spell levels left.
You didn't know any spells.
Your spell library was empty.

Dungeon Overview and Level Annotations

Branches:
Dungeon (4/15)
 Temple: D:4-7

Altars:
Gozag
Nemelex Xobeh

Shops:
D:1 :


Innate Abilities, Weirdness & Mutations

You have a pair of horns on your head.
You reflexively headbutt those who attack you in melee.


Message History

You now have 408 gold pieces (gained 6).
Things that are here:
a +1 vorpal morningstar; a +0 leather armour Health restored: 64 You now have 411 gold pieces (gained 3).
You see here a +0 club.
You now have 421 gold pieces (gained 10).
You see here an amulet of the acrobat.
You see here the +2 leather armour of Hexzakhlo {rPois}.
An ogre comes into view. It is wielding a +0 giant spiked club.
The ogre shouts!
The ogre completely misses you.
You barely miss the ogre. You block the ogre's attack.
You completely miss the ogre.
The ogre hits you with a +0 giant spiked club!
You take 7 damage, and have 57/64 hp.
Your shield and scale mail prevent you from hitting the ogre.
You block the ogre's attack.
You barely miss the ogre.
The ogre hits you with a +0 giant spiked club!!
You take 24 damage, and have 33/64 hp.
MASSIVE DAMAGE!!
You are too injured to fight recklessly!
You are too injured to fight recklessly!
You are too injured to fight recklessly!
You are too injured to fight recklessly!
You are too injured to fight recklessly!
You barely miss the ogre. The ogre barely misses you.
You hit the ogre.
The ogre is lightly wounded.
The ogre barely misses you.
You closely miss the ogre.
The ogre is lightly wounded.
The ogre hits you with a +0 giant spiked club!!
* * * LOW HITPOINT WARNING * * *
You take 18 damage, and have 16/64 hp.
MASSIVE DAMAGE!!
You hit the ogre. You headbutt the ogre.
The ogre is moderately wounded.
The ogre hits you with a +0 giant spiked club!!
You die...
Your body crumbles into a pile of gold.

## ## #)# ###.
.#########.####
...#..
.......).... #...
##.##.#.##.#
##?#####.##.#.##.#
#......#.##.#.##.#
#..###[#.".......#
#.............##..
#@####.####.####.#
#O# #..# #.# #.#
#.# ##.# #.# #.#
#.# #.# #.####..
#.# #.# #.......
#.# #.# ########
#.# #.# #.# #.#
#.#


You could see an ogre.

Vanquished Creatures
  Pikel (D:3)
  Sigmund (D:3)
  A water moccasin zombie (D:3)
  A hound (D:3)
  Jessica (D:2)
  Ijyb (D:3)
  4 adders
  A worm (D:2)
  11 orcs
  A ball python (D:1)
  15 bats
  2 endoplasms
  2 giant cockroaches (D:1)
  4 goblins
  5 hobgoblins
  4 jackals
  3 quokkas
  4 frilled lizards
  5 kobolds
  A rat (D:3)
68 creatures vanquished.

Vanquished Creatures (others)
  2 plants (D:4)
2 creatures vanquished.

Grand Total: 70 creatures vanquished

Notes
Turn   | Place    | Note
-------+----------+-------------------------------------------
     0 | D:1      | tatocazan the Minotaur Fighter began the quest for the Orb.
     0 | D:1      | Reached XP level 1. HP: 19/19 MP: 0/0
   244 | D:1      | Found a faded altar of an unknown god.
   252 | D:1      | Became a worshipper of Gozag Ym Sagoz the Greedy
   270 | D:1      | Reached XP level 2. HP: 27/27 MP: 1/1
   387 | D:1      | Found Cen Lept's Book Shoppe.
   854 | D:2      | Reached XP level 3. HP: 16/33 MP: 2/2
  1297 | D:2      | Noticed Jessica
  1304 | D:2      | Killed Jessica
  1305 | D:2      | Reached XP level 4. HP: 39/41 MP: 3/3
  1905 | D:3      | Reached XP level 5. HP: 35/47 MP: 4/4
  2197 | D:3      | Noticed Ijyb
  2212 | D:3      | Killed Ijyb
  2322 | D:3      | Reached skill level 5 in Fighting
  2322 | D:3      | Reached skill level 5 in Shields
  2340 | D:3      | Noticed Sigmund
  2758 | D:3      | Found a sparkling altar of Nemelex Xobeh.
  2823 | D:3      | Killed Sigmund
  2824 | D:3      | Reached skill level 5 in Armour
  2824 | D:3      | Reached XP level 6. HP: 54/56 MP: 5/5
  3163 | D:4      | Noticed Pikel
  3203 | D:3      | Killed Pikel
  3204 | D:3      | Reached skill level 5 in Axes
  3204 | D:3      | Reached XP level 7. HP: 29/64 MP: 6/6
  3577 | D:4      | Identified the +2 leather armour of Hexzakhlo {rPois}
  3592 | D:4      | Slain by an ogre

Illustrated notes

Levels and vault maps discovered:
D:1:      scummos_arrival_hexagon, layout_loops_cross,
          chequers_ecumenical_altar_simple, serial_shops, nicolae_diamond_shop,
          serial_glass, glass_columns_a, glass_columns_b
D:2:      layout_rooms, uniq_jessica
D:3:      layout_loops_cross, mainiacjoe_overflow_alcove_2, roderic_batcave,
          uniq_sigmund, uniq_ijyb
D:4:      corexii_shantytown, layout_loops_ring, chequers_serial_rivers_micro_e,
          guppyfry_early_lair_pool, uniq_menkaure, uniq_pikel

Skill      XL: |  1  2  3  4  5  6 |
---------------+-------------------+-----
Fighting       | 4 5 6 |  6.4
Shields        | 4 5 6 |  6.4
Armour         | 4 5 6 |  6.3
Axes           | 3 4 5 |  5.7

Action                   |  1- 3 |  4- 6 |  7- 9 || total
-------------------------+-------+-------+-------++-------
Melee: War axe           |    71 |    98 |    17 ||   186
       Headbutt          |     6 |    14 |     3 ||    23
Invok: Potion Petition   |       |     1 |       ||     1
Evoke: Wand              |       |     2 |       ||     2
Armor: Scale mail        |    35 |    46 |     1 ||    82
Dodge: Dodged            |    19 |    45 |     3 ||    67
Block: Kite shield       |    32 |    73 |     8 ||   113

Table legend: (Time is in decaauts)
 A = Elapsed time spent in this place.
 B = Non-inter-level travel time spent in this place.
 C = Inter-level travel time spent in this place.
 D = Time resting spent in this place.
 E = Time spent auto-exploring this place.
 F = Levels seen in this place.
 G = Mean time per level.
                   A        B        C        D        E       F      G
               +--------+--------+--------+--------+--------+-----+--------+
         Total |   3688 |   3615 |     73 |   1206 |   1885 |   4 |  922.0 |
       Dungeon |   3688 |   3615 |     73 |   1206 |   1885 |   4 |  922.0 |
               +--------+--------+--------+--------+--------+-----+--------+

Top non-repeatable levels by time:
     D:3: 1886 daAuts
     D:1: 1203 daAuts
     D:2: 490 daAuts
     D:4: 108 daAuts
